[ AOE2 MATCH · #506003569 ]
UnrankedPoles vs Lithuanians
Player's team · WIN
[ REPLAY ANALYSIS · EXTRACTED FROM THE RECORDED GAME ]
Feudal
8:26
Castle
22:26
Imperial
33:52
| APM avg | 52.7 |
| APM peak | 100 |
| eAPM avg | 25.6 |
| Villagers / military | 150 / 256 |
Focus
⚔️ 51.0% · 🌾 49.0%
Scout Cavalry ×142 · Knight ×64 · Obuch ×19 · Spearman ×17 · Trebuchet (Packed) ×8 · Skirmisher ×6
Feudal
10:23
Castle
23:35
Imperial
41:34
| APM avg | 90.8 |
| APM peak | 132 |
| eAPM avg | 37.6 |
| Villagers / military | 137 / 148 |
Focus
⚔️ 35.7% · 🌾 64.3%
Knight ×91 · Spearman ×25 · Skirmisher ×15 · Monk ×13 · Militia ×3 · Scout Cavalry ×1
Match map
Initial resources + every placement click. Lines = walls · curves = elevation contours. ◆ gold · ⬟ stone · ● berries · ✦ relic · ◌ wall gap
Your base· Open — opponent sealed themselves in
Penéfago's base· ✓ Closed at 23:35 · 46t walls · 2 gate(s)
Smoothed initial terrain · ◌ = detected wall gap · hover for details
Inputs per minute
— Titanius - - Penéfago
Build order — Titanius
First 150 of 598 actions detected
| 0:01 | Queue | Villager (Male) |
| 0:01 | Queue | Villager (Male) |
| 0:02 | Build | House |
| 0:03 | Build | House |
| 0:07 | Queue | Villager (Male) |
| 0:07 | Queue | Villager (Male) |
| 0:07 | Queue | Villager (Male) |
| 1:36 | Queue | Villager (Male) |
| 1:36 | Queue | Villager (Male) |
| 1:36 | Queue | Villager (Male) |
| 1:46 | Build | Lumber Camp |
| 1:59 | Queue | Villager (Male) |
| 2:00 | Queue | Villager (Male) |
| 2:00 | Queue | Villager (Male) |
| 2:16 | Queue | Villager (Male) |
| 2:17 | Queue | Villager (Male) |
| 2:40 | Queue | Villager (Male) |
| 2:40 | Queue | Villager (Male) |
| 3:21 | Queue | Villager (Male) |
| 3:21 | Queue | Villager (Male) |
| 3:22 | Queue | Villager (Male) |
| 3:38 | Build | Mill |
| 4:01 | Queue | Villager (Male) |
| 4:01 | Queue | Villager (Male) |
| 4:02 | Queue | Villager (Male) |
| 4:33 | Queue | Villager (Male) |
| 4:33 | Queue | Villager (Male) |
| 4:33 | Queue | Villager (Male) |
| 4:33 | Queue | Villager (Male) |
| 6:15 | Research | Feudal Age |
| 6:16 | Research | Feudal Age |
| 7:18 | Build | Barracks |
| 7:51 | Build | House |
| 8:04 | Research | Loom |
| 8:26 | Age | Feudal Age |
| 8:28 | Build | Stable |
| 8:30 | Research | Double-Bit Axe |
| 8:37 | Build | House |
| 8:40 | Queue | Villager (Male) |
| 8:43 | Build | Palisade Wall |
| 9:02 | Build | House |
| 9:05 | Build | Palisade Wall |
| 9:07 | Build | Palisade Wall |
| 9:10 | Queue | Villager (Male) |
| 9:14 | Queue | Villager (Male) |
| 9:51 | Queue | Villager (Male) |
| 10:04 | Queue | Villager (Male) |
| 10:05 | Queue | Scout Cavalry |
| 10:05 | Queue | Scout Cavalry |
| 10:25 | Build | Farm |
| 10:37 | Queue | Villager (Male) |
| 10:37 | Queue | Villager (Male) |
| 10:42 | Build | Farm |
| 10:45 | Build | Farm |
| 10:50 | Research | Horse Collar |
| 10:50 | Research | Horse Collar |
| 11:16 | Queue | Villager (Male) |
| 11:17 | Queue | Scout Cavalry |
| 11:32 | Build | House |
| 11:34 | Build | Archery Range |
| 11:47 | Queue | Villager (Male) |
| 11:51 | Build | Farm |
| 11:53 | Build | House |
| 11:54 | Build | House |
| 11:58 | Build | Palisade Wall |
| 12:03 | Queue | Scout Cavalry |
| 12:07 | Build | House |
| 12:15 | Queue | Villager (Male) |
| 12:23 | Build | Farm |
| 12:32 | Queue | Villager (Male) |
| 12:40 | Queue | Scout Cavalry |
| 12:42 | Queue | Villager (Male) |
| 12:44 | Build | House |
| 12:45 | Build | House |
| 12:46 | Build | Palisade Wall |
| 12:50 | Build | House |
| 12:59 | Queue | Villager (Male) |
| 13:23 | Queue | Villager (Male) |
| 13:30 | Queue | Villager (Male) |
| 13:37 | Build | Farm |
| 13:49 | Build | Palisade Wall |
| 13:52 | Build | Palisade Wall |
| 13:53 | Build | Palisade Wall |
| 13:54 | Build | Palisade Wall |
| 13:57 | Queue | Villager (Male) |
| 13:58 | Queue | Scout Cavalry |
| 13:58 | Queue | Scout Cavalry |
| 14:01 | Queue | Skirmisher |
| 14:01 | Queue | Skirmisher |
| 14:20 | Build | Mill |
| 14:23 | Queue | Scout Cavalry |
| 14:25 | Queue | Skirmisher |
| 14:26 | Queue | Skirmisher |
| 14:30 | Build | Farm |
| 14:36 | Build | Farm |
| 14:39 | Build | Farm |
| 14:54 | Queue | Scout Cavalry |
| 15:00 | Build | Farm |
| 15:06 | Queue | Villager (Male) |
| 15:15 | Build | House |
| 15:22 | Queue | Villager (Male) |
| 15:22 | Queue | Villager (Male) |
| 15:23 | Queue | Skirmisher |
| 15:23 | Queue | Skirmisher |
| 15:30 | Build | Farm |
| 15:51 | Build | Farm |
| 15:54 | Queue | Villager (Male) |
| 16:10 | Build | Farm |
| 16:12 | Queue | Scout Cavalry |
| 16:40 | Build | Mining Camp |
| 16:41 | Queue | Villager (Male) |
| 17:04 | Queue | Villager (Male) |
| 17:35 | Queue | Villager (Male) |
| 17:51 | Queue | Villager (Male) |
| 17:54 | Queue | Scout Cavalry |
| 17:55 | Queue | Villager (Male) |
| 18:00 | Build | Mill |
| 18:00 | Build | Farm |
| 18:00 | Build | Farm |
| 18:01 | Build | Farm |
| 18:01 | Build | Farm |
| 18:01 | Build | Farm |
| 18:01 | Build | Farm |
| 18:02 | Build | Farm |
| 18:02 | Build | Farm |
| 18:30 | Queue | Villager (Male) |
| 18:39 | Research | Bloodlines |
| 18:40 | Queue | Scout Cavalry |
| 18:51 | Build | Blacksmith |
| 18:53 | Build | House |
| 18:54 | Build | Palisade Wall |
| 18:55 | Build | Palisade Wall |
| 18:58 | Build | Palisade Wall |
| 19:21 | Queue | Villager (Male) |
| 19:33 | Build | Mining Camp |
| 19:42 | Research | Castle Age |
| 19:42 | Research | Castle Age |
| 20:02 | Research | Bloodlines |
| 21:35 | Research | Forging |
| 21:44 | Build | Farm |
| 21:50 | Queue | Scout Cavalry |
| 21:50 | Queue | Scout Cavalry |
| 22:18 | Build | Stable |
| 22:26 | Age | Castle Age |
| 22:28 | Research | Scale Barding Armor |
| 22:29 | Queue | Villager (Male) |
| 22:34 | Build | Town Center |
| 22:41 | Research | Iron Casting |
| 22:41 | Research | Iron Casting |
| 22:59 | Queue | Villager (Male) |
Build order — Penéfago
First 150 of 502 actions detected
| 0:00 | Queue | Villager (Male) |
| 0:01 | Queue | Villager (Male) |
| 0:01 | Queue | Villager (Male) |
| 0:01 | Queue | Villager (Male) |
| 0:02 | Build | House |
| 0:04 | Build | House |
| 0:23 | Queue | Villager (Male) |
| 0:23 | Queue | Villager (Male) |
| 0:23 | Queue | Villager (Male) |
| 1:30 | Queue | Villager (Male) |
| 1:30 | Queue | Villager (Male) |
| 2:01 | Queue | Villager (Male) |
| 2:01 | Queue | Villager (Male) |
| 2:04 | Build | Lumber Camp |
| 2:15 | Queue | Villager (Male) |
| 2:15 | Queue | Villager (Male) |
| 2:56 | Queue | Villager (Male) |
| 2:57 | Queue | Villager (Male) |
| 3:02 | Queue | Villager (Male) |
| 3:50 | Queue | Villager (Male) |
| 3:56 | Build | House |
| 4:04 | Queue | Villager (Male) |
| 4:08 | Queue | Villager (Male) |
| 5:33 | Build | Barracks |
| 5:40 | Queue | Villager (Male) |
| 5:52 | Build | House |
| 6:12 | Queue | Villager (Male) |
| 6:14 | Queue | Villager (Male) |
| 6:25 | Queue | Militia |
| 6:25 | Queue | Militia |
| 6:25 | Queue | Militia |
| 7:04 | Queue | Villager (Male) |
| 7:26 | Queue | Villager (Male) |
| 7:46 | Build | House |
| 7:47 | Research | Loom |
| 7:56 | Research | Feudal Age |
| 8:28 | Build | Mill |
| 9:18 | Queue | Villager (Male) |
| 9:37 | Build | House |
| 10:04 | Queue | Villager (Male) |
| 10:12 | Build | Farm |
| 10:23 | Age | Feudal Age |
| 10:25 | Build | Archery Range |
| 10:37 | Build | Farm |
| 10:40 | Build | Farm |
| 10:44 | Queue | Villager (Male) |
| 10:47 | Queue | Spearman |
| 11:01 | Build | Palisade Wall |
| 11:02 | Build | Palisade Wall |
| 11:26 | Queue | Skirmisher |
| 11:27 | Queue | Skirmisher |
| 11:27 | Queue | Skirmisher |
| 11:34 | Queue | Villager (Male) |
| 11:36 | Build | Farm |
| 11:36 | Build | Farm |
| 11:36 | Build | Farm |
| 11:37 | Build | Farm |
| 11:52 | Queue | Villager (Male) |
| 11:52 | Queue | Spearman |
| 12:01 | Research | Double-Bit Axe |
| 12:08 | Queue | Skirmisher |
| 12:13 | Queue | Villager (Male) |
| 12:24 | Queue | Spearman |
| 12:34 | Build | House |
| 12:36 | Build | Palisade Wall |
| 12:41 | Build | Palisade Wall |
| 12:47 | Queue | Villager (Male) |
| 12:58 | Queue | Skirmisher |
| 13:06 | Queue | Villager (Male) |
| 13:10 | Build | Farm |
| 13:11 | Build | Farm |
| 13:13 | Build | Farm |
| 13:37 | Build | Farm |
| 13:59 | Queue | Villager (Male) |
| 14:02 | Build | Farm |
| 14:05 | Build | Farm |
| 14:07 | Queue | Villager (Male) |
| 14:22 | Queue | Villager (Male) |
| 14:28 | Build | House |
| 14:29 | Build | Palisade Wall |
| 14:32 | Build | House |
| 14:35 | Build | House |
| 14:36 | Build | House |
| 14:37 | Build | House |
| 14:42 | Queue | Villager (Male) |
| 14:56 | Build | House |
| 15:01 | Build | House |
| 15:14 | Queue | Villager (Male) |
| 15:27 | Build | Palisade Wall |
| 15:28 | Build | Palisade Gate |
| 15:33 | Queue | Villager (Male) |
| 15:37 | Build | Blacksmith |
| 15:42 | Build | Palisade Wall |
| 15:59 | Queue | Skirmisher |
| 15:59 | Queue | Skirmisher |
| 15:59 | Queue | Skirmisher |
| 16:02 | Queue | Villager (Male) |
| 16:28 | Build | Mining Camp |
| 16:35 | Build | Mining Camp |
| 16:39 | Build | Palisade Wall |
| 16:40 | Research | Padded Archer Armor |
| 16:40 | Research | Padded Archer Armor |
| 16:42 | Queue | Villager (Male) |
| 16:47 | Queue | Villager (Male) |
| 16:49 | Build | Palisade Wall |
| 16:59 | Queue | Villager (Male) |
| 17:01 | Queue | Villager (Male) |
| 17:07 | Build | Farm |
| 17:35 | Queue | Spearman |
| 17:35 | Queue | Spearman |
| 17:36 | Queue | Spearman |
| 17:37 | Queue | Skirmisher |
| 17:37 | Queue | Skirmisher |
| 17:38 | Queue | Skirmisher |
| 17:54 | Research | Fletching |
| 17:54 | Research | Fletching |
| 17:56 | Build | Palisade Wall |
| 17:58 | Queue | Villager (Male) |
| 18:13 | Queue | Spearman |
| 18:14 | Queue | Skirmisher |
| 18:22 | Build | House |
| 18:29 | Queue | Skirmisher |
| 18:29 | Queue | Skirmisher |
| 18:39 | Queue | Villager (Male) |
| 18:48 | Build | House |
| 18:49 | Queue | Villager (Male) |
| 18:53 | Build | Palisade Wall |
| 19:02 | Queue | Skirmisher |
| 19:04 | Queue | Villager (Male) |
| 19:12 | Build | Lumber Camp |
| 19:21 | Build | Farm |
| 19:40 | Build | Farm |
| 19:42 | Build | Palisade Wall |
| 19:47 | Build | House |
| 19:50 | Build | Farm |
| 19:51 | Queue | Villager (Male) |
| 19:53 | Build | Farm |
| 20:06 | Build | House |
| 20:10 | Build | Farm |
| 20:13 | Build | Farm |
| 20:14 | Build | Farm |
| 20:17 | Build | Farm |
| 20:39 | Queue | Villager (Male) |
| 20:39 | Research | Castle Age |
| 20:46 | Research | Horse Collar |
| 20:53 | Build | House |
| 21:27 | Queue | Spearman |
| 21:28 | Build | Farm |
| 21:29 | Build | Farm |
| 21:31 | Build | Stable |
Match timeline
| 5:33 | Penéfago · first_building Barracks |
| 7:18 | Titanius · first_building Barracks |
| 8:26 | Titanius · age_up feudal |
| 8:28 | Titanius · first_building Stable |
| 8:43 | Titanius · wall_segment Palisade Wall x1 |
| 9:05 | Titanius · wall_segment Palisade Wall x1 |
| 9:07 | Titanius · wall_segment Palisade Wall x1 |
| 10:23 | Penéfago · age_up feudal |
| 10:25 | Penéfago · first_building Archery Range |
| 11:01 | Penéfago · wall_segment Palisade Wall x1 |
| 11:02 | Penéfago · wall_segment Palisade Wall x1 |
| 11:34 | Titanius · first_building Archery Range |
| 11:58 | Titanius · wall_segment Palisade Wall x12 |
| 12:36 | Penéfago · wall_segment Palisade Wall x5 |
| 12:41 | Penéfago · wall_segment Palisade Wall x2 |
| 12:46 | Titanius · wall_segment Palisade Wall x1 |
| 13:49 | Titanius · wall_segment Palisade Wall x1 |
| 13:52 | Titanius · wall_segment Palisade Wall x3 |
| 13:53 | Titanius · wall_segment Palisade Wall x3 |
| 13:54 | Titanius · wall_segment Palisade Wall x3 |
| 14:29 | Penéfago · wall_segment Palisade Wall x1 |
| 15:27 | Penéfago · wall_segment Palisade Wall x5 |
| 15:42 | Penéfago · wall_segment Palisade Wall x16 |
| 16:39 | Penéfago · wall_segment Palisade Wall x7 |
| 16:49 | Penéfago · wall_segment Palisade Wall x1 |
| 17:56 | Penéfago · wall_segment Palisade Wall x6 |
| 18:53 | Penéfago · wall_segment Palisade Wall x1 |
| 18:54 | Titanius · wall_segment Palisade Wall x1 |
| 18:55 | Titanius · wall_segment Palisade Wall x1 |
| 18:58 | Titanius · wall_segment Palisade Wall x7 |
| 19:42 | Penéfago · wall_segment Palisade Wall x1 |
| 21:31 | Penéfago · first_building Stable |
| 21:41 | Penéfago · wall_segment Palisade Wall x6 |
| 22:26 | Titanius · age_up castle |
| 23:02 | Penéfago · wall_segment Palisade Wall x1 |
| 23:35 | Penéfago · age_up castle |
| 23:41 | Penéfago · first_building Monastery |
| 24:40 | Penéfago · wall_segment Palisade Wall x1 |
| 25:36 | Titanius · first_building Castle |
| 32:41 | Titanius · first_building Monastery |
| 33:52 | Titanius · age_up imperial |
| 36:10 | Penéfago · first_market_buy 500 food |
| 37:25 | Titanius · first_market_sell 100 food |
| 40:54 | Penéfago · wall_segment Palisade Wall x2 |
| 41:17 | Titanius · first_market_buy 100 stone |
| 41:34 | Penéfago · age_up imperial |
| 45:53 | Penéfago · wall_segment Palisade Wall x1 |
| 48:27 | Penéfago · wall_segment Stone Wall x1 |
| 50:40 | Penéfago · resign |
[ AI ANALYSIS · 1 CREDIT ]
What really happened in this match?
Wolo.gg analyzes every decision: build order, eco, micro, common mistakes by bracket. Personalized analysis on WhatsApp or Discord in 30 seconds.
Civ guide
Poles
Perfil
Jugador #6283484